[Event "Late-Titled-Tuesday-Blitz-November-28-2023"]
[Site "Chess.com"]
[Date "2023.11.28"]
[Round "4"]
[White "K_A_S_T_O_R"]
[Black "LiemLe"]
[Result "0-1"]
[WhiteElo "2894"]
[BlackElo "3132"]
[TimeControl "180+1"]
[EndTime "14:38:40 PST"]
[Termination "LiemLe won by resignation"]

1. e4 c5 2. Nf3 Nc6 3. d4 cxd4 4.
Nxd4 e5 5. Nb3 Nf6 6. Bg5 Bb4+ 7. c3 Be7 8. Bxf6 Bxf6 9. Na3 d6 10. Nc4 Be7 11. Ne3 O-O 12. Bc4 Bg5 13. Nd5 Kh8 14.
O-O f5 15. exf5 Bxf5 16. Qe2 Qd7 17. Bd3 Be6 18. Be4 Qf7 19. Rad1 Rad8 20. f3 Ne7 21.
Qd3 Nf5 22. Rfe1 Bh6 23. Nd2 Qh5 24. Nf1 Qh4 25. a4 g6 26. Qe2 Rd7 27. Qf2 Qxf2+ 28.
Kxf2 Bg5 29. Kg1 Bd8 30. g3 Kg7 31. Kg2 Nh6 32. Nfe3 Nf7 33. h4 Nh6 34. Nc4 Nf5 35. Nde3 Nxe3+ 36. Nxe3 Bb6 37. Nd5 Rc8 38. Rd3 Bd8 39.
Red1 Kf7 40. Ne3 Ke7 41. Bd5 Bb6 42. Bxe6 Kxe6 43. Nd5 h5 44. b3 Bd8 45. Re1 a6 46. c4 Kf7 47. Red1 Ba5 48. Ne3 Ke6 49. f4 exf4 50. gxf4 Bb4 51. Nd5 Bc5 52. Re1+ Kf7 53. Kf3 Rdd8 54. Re7+ Kf8 55. Rd2 b5 56. cxb5 axb5 57.
axb5 Rb8 58. Re6 Rxb5 59. b4 Bxb4 60. Rd3 Bc5 61. Rxg6 Rb1 62. Rh6 Kg7 63. Rxh5 Re8 64. Rg5+ Kh6 65. Nf6 Rf8 66. Ng4+ Kh7 67. Rh5+ Kg6 68.
Rg5+ Kh7 69. Kg3 Rg1+ 70. Kh2 Rxf4 71. Rb3 Rfxg4 72. Rxg4 Rxg4 73. Kh3 Rg7 74. Rb7 Rxb7 0-1

[Event "Late-Titled-Tuesday-Blitz-November-28-2023"]
[Site "Chess.com"]
[Date "2023.11.28"]
[Round "4"]
[White "The_Machine04"]
[Black "jcibarra"]
[Result "1/2-1/2"]
[WhiteElo "2672"]
[BlackElo "2905"]
[TimeControl "180+1"]
[EndTime "14:38:40 PST"]
[Termination "Game drawn by stalemate"]

1. d4 Nf6 2. Nf3 g6 3. Nbd2 Bg7 4. e4 O-O 5. c3 c5 6. dxc5 Qc7 7. b4 b6 8. Ba3 bxc5 9. bxc5 Na6 10. c6 Qxc6 11. Bxe7 Re8 12. Bxf6 Bxf6 13. Bc4 Rxe4+ 14.
Nxe4 Qxe4+ 15. Qe2 Bxc3+ 16. Kf1 Qxe2+ 17. Kxe2 Bxa1 18. Rxa1 Nc7 19. Rd1 d5 20. Bxd5 Ba6+ 21. Ke3 Re8+ 22. Kf4 Re2 23. Bb3 Re7 24. Rd6 Kg7 25.
Ng5 f6 26. Ne6+ Nxe6+ 27. Rxe6 Rxe6 28. Bxe6 Kf8 29. a3 Ke7 30. Bg8 h6 31. h4 Bd3 32.
g3 Kd6 33. Bb3 Kc5 34. Ke3 Bf5 35. Bf7 g5 36. hxg5 fxg5 37. f4 Kd6 38. Kd4 gxf4 39. gxf4 Bg4 40. Ke4 Ke7 41. Bc4 Kf6 42. Ke3 h5 43.
Bd3 h4 44. Kf2 Bf5 45. Be2 Bh3 46. Bd3 Bf5 47. Be2 Ke6 48. Bf3 Kd6 49. Ke3 Kc5 50. Be2 a5 51. Bf1 Kd5 52. Be2 h3 53. Kf3 Kd4 54.
Kg3 Ke3 55. Bf1 h2 56. Bg2 Bd3 57. f5 Bxf5 58. Kxh2 Kd4 59. Bc6 Kc3 60. Kg3 Kb3 61.
Kf4 Bc2 62. Ke3 Kxa3 63. Kd2 Ba4 64. Bxa4 Kxa4 65. Kc3 Ka3 66. Kc2 Ka2 67. Kc1 a4 68.
Kc2 Ka1 69. Kc1 a3 70. Kc2 a2 71. Kc1 1/2-1/2

[Event "Late-Titled-Tuesday-Blitz-November-28-2023"]
[Site "Chess.com"]
[Date "2023.11.28"]
[Round "4"]
[White "PowerThinking2650"]
[Black "melissa_guez"]
[Result "1-0"]
[WhiteElo "2461"]
[BlackElo "2246"]
[TimeControl "180+1"]
[EndTime "14:38:40 PST"]
[Termination "PowerThinking2650 won by checkmate"]

1. e4 c5 2. Nf3 e6 3. d4 cxd4 4. Nxd4 Nc6 5. Nb5 d6 6. c4 a6 7. N5a3 Nf6 8. Nc3 Be7 9. Be2 O-O 10. O-O b6 11. Be3 Bb7 12. f3 Rc8 13. Rc1 Nd7 14. Qd2 Nc5 15. Nc2 Qc7 16. Rfd1 Rcd8 17. Bf1 Bf6 18.
b4 Nd7 19. a3 Nce5 20. Nd4 Nc5 21. Qf2 Ncd7 22. Na4 Rb8 23. Nb3 Bc6 24. Nc3 a5 25.
Nd5 exd5 26. cxd5 axb4 27. axb4 Qb7 28. dxc6 Nxc6 29. Rxd6 Nxb4 30. Nd4 Be5 31. Nf5 Bxd6 32. Nxd6 Qa7 33. Nf5 Nc5 34. Qb2 f6 35. Qxb4 Rbc8 36. Bc4+ Kh8 37. h4 Qc7 38. Bd5 Qe5 39. Qd4 Qxd4 40. Bxd4 Nd3 41. Rxc8 Rxc8 42. Bxb6 Rc1+ 43. Kh2 Nf4 44. Be3 Ne2 45. Bxc1 Nxc1 46. h5 g6 47. hxg6 hxg6 48. Nh4 Kh7 49. g4 g5 50. Nf5 Ne2 51. Kg2 Nf4+ 52. Kf2 Nd3+ 53. Ke3 Ne5 54. Nd4 Kg7 55. Nc6 Nd7 56. f4 gxf4+ 57. Kxf4 Nc5 58. e5 fxe5+ 59. Nxe5 Kf6 60. g5+ Kg7 61. Nf3 Kg6 62. Be4+ Kg7 63. Nd4 Nd7 64. Kf5 Nf8 65. Ne6+ Nxe6 66. Kxe6 Kg8 67. Kf6 Kh8 68. g6 Kg8 69.
Bf3 Kh8 70. g7+ Kg8 71. Be2 Kh7 72. Kf7 Kh6 73. Bh5 Kh7 74. g8=Q+ Kh6 75. Qg6# 1-0

[Event "Late-Titled-Tuesday-Blitz-November-28-2023"]
[Site "Chess.com"]
[Date "2023.11.28"]
[Round "4"]
[White "Staudenhocker43"]
[Black "IMRosen"]
[Result "1/2-1/2"]
[WhiteElo "2523"]
[BlackElo "2697"]
[TimeControl "180+1"]
[EndTime "14:38:41 PST"]
[Termination "Game drawn by stalemate"]

1. d4 d5 2. c4 e6 3. Nf3 Nf6 4. Nc3 Nbd7 5. Bf4 Bb4 6. cxd5 exd5 7. e3 Ne4 8. Rc1 g5 9. Bg3 h5 10. h4 Nxg3 11. fxg3 gxh4 12. gxh4 c6 13. Bd3 Nf6 14. Ng5 Qe7 15. Kd2 Ng4 16. Qf3 Rh6 17.
Rcf1 f6 18. Nh3 Be6 19. Nf4 Bf7 20. Bf5 Bxc3+ 21. bxc3 Qa3 22. Rc1 Qxa2+ 23. Rc2 Qa3 24. Re1 Kf8 25. e4 dxe4 26. Rxe4 Bd5 27. Nxd5 cxd5 28.
Re6 Kg7 29. Qxd5 Rf8 30. Qxb7+ Rf7 31. Qf3 Rh8 32. Bxg4 hxg4 33. Qxg4+ Kf8 34. Rc6 Re7 35. Rc8+ Re8 36. Rxe8+ Kxe8 37. Qe6+ Kf8 38. Qxf6+ Kg8 39. Kd3 Qa4 40. Rf2 Qb5+ 41. Ke3 Qe8+ 42. Kd2 Rh7 43. Qg5+ Rg7 44. Qd5+ Kh8 45. Qf5 Qd8 46. Qf8+ Qxf8 47. Rxf8+ Kh7 48. Rf2 a5 49. Kc2 Rb7 50. Rf5 Ra7 51.
Kb3 Kg6 52. Re5 Kf6 53. g4 Rb7+ 54.
Ka3 Rc7 55. Rc5 Ra7 56. Ka4 Re7 57. Rxa5 Re1 58. Rc5 Ra1+ 59. Kb4 Ke6 60. Kc4 Rd1 61. g5 Kd6 62. h5 Rg1 63. g6 Ke6 64. Ra5 Kf6 65.
Ra6+ Kf5 66. Kc5 Ke4 67. c4 Rg5+ 68. d5 Rxh5 69. Re6+ Kd3 70. g7 Rg5 71. Re7 Rg4 72. d6 Rxc4+ 73. Kb5 Rg4 74. d7 Rg5+ 75. Kc6 Kc2 76.
d8=Q Rg3 77. Qd5 Kb2 78. Qb5+ Rb3 79. Qxb3+ Ka1 80. g8=Q 1/2-1/2

[Event "Late-Titled-Tuesday-Blitz-November-28-2023"]
[Site "Chess.com"]
[Date "2023.11.28"]
[Round "4"]
[White "Bala-Afiada"]
[Black "wallowss"]
[Result "1-0"]
[WhiteElo "1875"]
[BlackElo "2152"]
[TimeControl "180+1"]
[EndTime "14:38:41 PST"]
[Termination "Bala-Afiada won on time"]

1. d4 Nf6 2. c4 g6 3. Nc3 d5 4.
cxd5 Nxd5 5. e4 Nxc3 6. bxc3 Bg7 7. Be3 c5 8. Bc4 Nc6 9. Ne2 O-O 10. O-O cxd4 11. cxd4 Na5 12. Bd3 b6 13. f3 Bb7 14.
Rc1 Qd7 15. Qd2 Rfd8 16. Rfd1 Rac8 17. Rxc8 Rxc8 18. Rc1 Rd8 19. Qb4 Nc6 20. Qb5 Nxd4 21. Qxd7 Nxe2+ 22. Bxe2 Rxd7 23. Bb5 Rd8 24. Rc7 Bc8 25.
Rxa7 Bf6 26. Bxb6 Rd1+ 27. Kf2 Rb1 28. a4 Be6 29. Ra8+ Kg7 30. Kg3 Be5+ 31. f4 Rb3+ 32. Kf2 Bb2 33. Rd8 Ba3 34. Bd4+ f6 35. Bd7 Bf7 36. Be8 Rb4 37. Bc5 Rb2+ 38. Kf3 Bxc5 39. Bxf7 Kxf7 40. Rc8 h5 41. a5 g5 42. fxg5 Rb3+ 43.
Kf4 fxg5+ 44. Kxg5 Bd6 45. a6 Ra3 46. Rc6 Rxa6 47.
Rxa6 h4 48. Kxh4 Bxh2 49. g3 Bg1 50. g4 Bd4 51. Kg5 Bf6+ 52. Rxf6+ exf6+ 53. Kf5 Ke7 54. Kg6 Ke6 55. Kg7 Ke5 56. Kg6 Ke6 57. Kg7 Ke7 58. Kg8 Ke8 59. Kh7 Kf7 60. Kh6 1-0

[Event "Late-Titled-Tuesday-Blitz-November-28-2023"]
[Site "Chess.com"]
[Date "2023.11.28"]
[Round "4"]
[White "ckgchess"]
[Black "BogdanDeac"]
[Result "1/2-1/2"]
[WhiteElo "2863"]
[BlackElo "3006"]
[TimeControl "180+1"]
[EndTime "14:38:42 PST"]
[Termination "Game drawn by repetition"]

1. e4 e5 2. Nf3 Nc6 3. Bc4 d6 4. d4 Nf6 5. dxe5 dxe5 6. Qxd8+ Nxd8 7. Nxe5 Bd6 8. Nf3 Nxe4 9. Nbd2 Nf6 10. O-O O-O 11.
Re1 Nc6 12. c3 Bg4 13. h3 Bh5 14. Ne4 Nxe4 15. Rxe4 Bxf3 16. gxf3 Ne5 17. Be2 Rfe8 18. Be3 f5 19. Ra4 a6 20. Rd1 Rad8 21. Kf1 Nf7 22. Rad4 Kf8 23. Rd5 g6 24. a4 Re5 25.
R5d2 Rde8 26. Bc4 b5 27. axb5 axb5 28. Bb3 b4 29. Bd4 bxc3 30. bxc3 Rb5 31. Ba4 Rbb8 32. Bxe8 Rxe8 33. Ra2 Ng5 34. Kg2 Ne6 35. Be3 Rb8 36.
c4 Ke7 37. Ra7 Bf4 38. Re1 Bxe3 39. fxe3 Rb4 40. Rc1 Rb2+ 41. Kg3 Re2 42. Rc3 g5 43. h4 h6 44. hxg5 hxg5 45. c5 Kd7 46. c6+ Kd6 47. Ra5 f4+ 48. exf4 gxf4+ 49. Kg4 Ke7 50. Rd5 Rg2+ 51.
Kf5 Rg5+ 52. Ke4 Rg2 53. Rd7+ Kf6 54. Kd5 Rd2+ 55. Kc4 Rb2 56. Rc1 Rb6 57. Kd5 Rb5+ 58. Ke4 Re5+ 59. Kd3 Re3+ 60. Kc4 Rxf3 61. Re1 Rf2 62.
Kb5 Rb2+ 63. Ka5 Rc2 64. Rxe6+ Kxe6 65. Rxc7 f3 66. Rc8 f2 67. Rf8 Kd6 68. Rf6+ Kc7 69. Kb5 Rb2+ 70. Kc5 Rc2+ 71. Kb5 Rb2+ 72. Kc5 Rc2+ 73.
Kb5 1/2-1/2

[Event "Late-Titled-Tuesday-Blitz-November-28-2023"]
[Site "Chess.com"]
[Date "2023.11.28"]
[Round "4"]
[White "Mykola-Bortnyk"]
[Black "FontVella8"]
[Result "1/2-1/2"]
[WhiteElo "2996"]
[BlackElo "2583"]
[TimeControl "180+1"]
[EndTime "14:38:43 PST"]
[Termination "Game drawn - insufficient material"]

1. e4 c6 2. d4 d5 3. exd5 cxd5 4.
c4 Nf6 5. Nc3 g6 6. Qb3 Bg7 7.
cxd5 O-O 8. Bd3 Nbd7 9. Bg5 Nb6 10. Bxf6 exf6 11. Nge2 f5 12. O-O Qd6 13. Rfe1 Rd8 14. Ng3 Bxd4 15. Nb5 Qf6 16. Nxd4 Qxd4 17. Rad1 Qf6 18.
a4 Bd7 19. a5 Ba4 20. Qb4 Bxd1 21. axb6 Qxb6 22. Qxb6 axb6 23. Rxd1 Rxd5 24. Kf1 Ra2 25. Rd2 Rd4 26. Ke2 Rb4 27. b3 Rxd2+ 28. Kxd2 Rxb3 29.
Ne2 Rb2+ 30. Ke3 Kg7 31. g3 b5 32. h4 b4 33. Bc4 Kf6 34. Nf4 Rc2 35. Bd3 Ra2 36. Nd5+ Ke5 37. Nxb4 Ra3 38. Nc2 Rc3 39. Kd2 Rc8 40. f4+ Kf6 41. Ne3 Rd8 42. Ke2 Ra8 43.
Bc4 Ra3 44. Nd5+ Kg7 45. Ne3 Rc3 46. Kd2 Ra3 47. Bd3 Ra5 48. Nc4 Ra2+ 49. Ke3 Rg2 50. Kf3 Ra2 51. Nd6 Ra3 52. Ke3 Rb3 53. Kd4 Rb4+ 54.
Bc4 Rb6 55. Nxf7 Rb1 56. Ke3 Rg1 57. Kf2 Rc1 58. Be6 Rc6 59. Bb3 Rc3 60. Bd5 Rc2+ 61. Kf1 b5 62. Ne5 b4 63. Nd3 Rc3 64. Nxb4 Rxg3 65.
Kf2 Rg4 66. Nd3 Rxh4 67. Kg3 Rg4+ 68. Kf2 Kf6 69. Bf3 Rh4 70. Kg3 g5 71. Bg2 Rg4+ 72.
Kf3 h5 73. Bh3 Rh4 74. Kg3 Rxf4 75. Nxf4 gxf4+ 76. Kxf4 Kg6 77. Bxf5+ Kf6 78. Bh3 Kf7 79.
Kg5 Kg7 80. Kxh5 1/2-1/2

[Event "Late-Titled-Tuesday-Blitz-November-28-2023"]
[Site "Chess.com"]
[Date "2023.11.28"]
[Round "4"]
[White "TRadjabov"]
[Black "JSPrepz"]
[Result "1/2-1/2"]
[WhiteElo "3005"]
[BlackElo "2855"]
[TimeControl "180+1"]
[EndTime "14:38:47 PST"]
[Termination "Game drawn by repetition"]

1. Nf3 c5 2. c4 g6 3. Nc3 Bg7 4. g3 Nc6 5. Bg2 e6 6. O-O Nge7 7. e3 O-O 8. d4 cxd4 9. Nxd4 d5 10. cxd5 Nxd4 11. exd4 Nxd5 12. Qb3 Bxd4 13. Bh6 Bg7 14. Bxg7 Kxg7 15. Rfd1 Qf6 16. Bxd5 exd5 17. Nxd5 Be6 18. Nxf6 Bxb3 19. axb3 Kxf6 20. Rd7 Rfb8 21. Rc1 Rc8 22. Rxc8 Rxc8 23. Rxb7 Rc2 24. Rxa7 Rxb2 25. Rb7 g5 26.
Rb6+ Kf5 27. h3 h5 28. Kg2 f6 29. Kf3 g4+ 30. hxg4+ hxg4+ 31. Ke3 Ke5 32. Rb5+ Ke6 33. Rb8 Ke5 34. Re8+ Kf5 35. Rb8 Ke5 36. b4 Rb3+ 37.
Ke2 Rb2+ 38. Kf1 Rb1+ 39. Kg2 Rb2 40. b5 Kd6 41. b6 Ke5 42. b7 Kf5 43. Kf1 Rb6 44.
Ke2 Rb2+ 45. Kd3 Rb1 46. Kd4 Rb2 47. Kd5 Rd2+ 48. Kc5 Rc2+ 49. Kd6 Rd2+ 50. Ke7 Re2+ 51. Kf7 Rb2 52. Kg7 Kg5 53. Kh7 Kf5 54. Kh6 Rb3 55.
Kh5 Rb1 56. Kh6 Rb2 57. Kg7 Rb1 58. Kf7 Rb2 59. Ke7 Re2+ 60. Kd6 Rd2+ 61. Kc5 Rc2+ 62. Kd4 Rb2 63. Kc3 Rb1 64. Kc2 Rb6 65. Kd2 Rb2+ 66.
Ke3 Rb1 67. Ke2 Rb2+ 68. Kd3 Rb3+ 69. Kc2 Rb6 70. f3 gxf3 71. Kd2 Rb3 72. Ke1 Rb2 73. Kf1 Rb1+ 74. Kf2 Rb3 75. Kf1 Rb2 76. Kg1 Rg2+ 77.
Kf1 Rb2 78. Ke1 Re2+ 79. Kf1 Rb2 1/2-1/2

[Event "Late-Titled-Tuesday-Blitz-November-28-2023"]
[Site "Chess.com"]
[Date "2023.11.28"]
[Round "4"]
[White "Thormento16"]
[Black "krzyzan94"]
[Result "1-0"]
[WhiteElo "2408"]
[BlackElo "2735"]
[TimeControl "180+1"]
[EndTime "14:38:49 PST"]
[Termination "Thormento16 won by checkmate"]

1. e4 c5 2. Nf3 d6 3. d4 cxd4 4. Nxd4 Nf6 5. Nc3 a6 6. Bg5 Nbd7 7. Qe2 g6 8. O-O-O Bg7 9. h4 h6 10. Bxf6 Bxf6 11. h5 g5 12. Kb1 e6 13. g3 Qb6 14.
Qd2 Qxd4 15. Qxd4 Bxd4 16. Rxd4 Ke7 17. Bg2 Ne5 18. Rhd1 Ng4 19. R1d2 Rd8 20. f3 Ne5 21. f4 gxf4 22. gxf4 Nc6 23. R4d3 Rg8 24. a3 Rg4 25. e5 d5 26. Bxd5 Rg1+ 27. Ka2 exd5 28. Nxd5+ Kf8 29. Nf6 Be6+ 30. b3 a5 31. Kb2 Rc8 32. Rd6 Bf5 33.
Rf2 Nd8 34. Nd5 Ne6 35. Ne3 Be4 36. f5 Ng5 37. Rxh6 Kg7 38. Rd6 Nf3 39. e6 fxe6 40. fxe6 Kf6 41. Rd4 Ke5 42. Rc4 Bc6 43. Rxf3 Rd8 44.
Rf1 Rxf1 45. Nxf1 Kxe6 46. Rh4 Rf8 47. Ne3 Rg8 48. Nc4 Rh8 49. a4 Bd5 50. Nxa5 Kf5 51. Nc4 Kg5 52. Rh2 Bf3 53. h6 Bh5 54. Kc3 Rxh6 55.
Ne5 Re6 56. Nc4 Bf3 57. Rf2 Kg4 58. Rd2 Bc6 59. Rd6 Re1 60. Rd4+ Kf5 61. Kb4 Re2 62. Rd2 Re8 63. Nd6+ Kf6 64. Nxe8+ Bxe8 65. Kc5 Bh5 66.
Rd4 Ke5 67. c3 Bf7 68. b4 Bb3 69. a5 Ba4 70. Rd2 Bc6 71. Re2+ Kf4 72. b5 Bf3 73. Re7 Bh1 74. Rf7+ Ke5 75. a6 bxa6 76. bxa6 Ke6 77. Rf8 Kd7 78. Rh8 Bg2 79. a7 Kc7 80. a8=Q Be4 81.
Qb8+ Kd7 82. Rd8+ Ke7 83. Qd6+ Kf7 84. Rf8+ Kg7 85. Qf6+ Kh7 86. Rh8# 1-0

[Event "Late-Titled-Tuesday-Blitz-November-28-2023"]
[Site "Chess.com"]
[Date "2023.11.28"]
[Round "4"]
[White "Dino_Ballecer"]
[Black "hristos03"]
[Result "1/2-1/2"]
[WhiteElo "2575"]
[BlackElo "2362"]
[TimeControl "180+1"]
[EndTime "14:38:53 PST"]
[Termination "Game drawn by repetition"]

1. e4 c5 2. Nf3 d6 3. Bb5+ Nd7 4. d4 cxd4 5. Qxd4 a6 6. Bxd7+ Bxd7 7. c4 Nf6 8. Bg5 e6 9. Nc3 Be7 10. O-O e5 11.
Qd3 Rc8 12. Bxf6 gxf6 13. Rfd1 Rg8 14. Nd5 Be6 15. Nxe7 Kxe7 16. Rac1 Qc7 17. Nd2 b5 18. b3 bxc4 19. Nxc4 Bxc4 20. Rxc4 Qb6 21. Rdc1 Qb7 22. g3 Rgd8 23. Qf3 Rxc4 24. Rxc4 Rc8 25. Qd3 Rxc4 26.
Qxc4 Qb6 27. Kg2 Qa5 28. a4 Qb6 29. b4 Qb7 30. f3 Qb6 31. a5 Qe3 32. Qc7+ Ke8 33.
Qc6+ Ke7 34. Qxa6 Qd2+ 35. Kg1 Qe3+ 36. Kg2 Qd2+ 37. Kf1 Qe3 38. Qe2 Qc1+ 39. Kg2 Qc3 40. b5 Qxa5 41. Qb2 Qb6 42. Qb3 Ke8 43. Qc4 Qe3 44.
Qc2 Qb6 45. Kh3 Qe3 46. Qc8+ Ke7 47. Qc7+ Ke8 48. Qxd6 Qh6+ 49. Kg2 Qe3 50. Qc6+ Ke7 51. Qc2 Qb6 52. Qb2 Kd6 53. Qe2 Qd4 54. Kh3 Kc7 55.
Qc2+ Kb8 56. Qc6 Qd2 57. Qb6+ Kc8 58. Qa6+ Kb8 59. Qb6+ Kc8 60. Qxf6 Qe3 61. Qf5+ Kb8 62. Qxe5+ Kb7 63. Qd5+ Kb6 64. Qd6+ Kb7 65. Qd5+ Kb8 66.
Qc6 Qxf3 67. b6 Qh5+ 68. Kg2 Qe2+ 69. Kg1 Qe1+ 70. Kg2 Qe2+ 71. Kh3 Qh5+ 72. Kg2 Qe2+ 1/2-1/2

[Event "Late-Titled-Tuesday-Blitz-November-28-2023"]
[Site "Chess.com"]
[Date "2023.11.28"]
[Round "4"]
[White "slorovel"]
[Black "NoHeThTo"]
[Result "1/2-1/2"]
[WhiteElo "2523"]
[BlackElo "2691"]
[TimeControl "180+1"]
[EndTime "14:38:56 PST"]
[Termination "Game drawn by repetition"]

1. e4 c5 2. Nf3 g6 3. c3 Bg7 4.
d4 cxd4 5. cxd4 Nf6 6. Nc3 d5 7. e5 Ne4 8. Bd3 Bf5 9. O-O O-O 10. Re1 Nc6 11. Nxe4 dxe4 12. Bxe4 Bxe4 13. Rxe4 Qd5 14. Re1 Rfd8 15. Be3 e6 16. Rc1 Qa5 17. Qb3 Rd7 18.
Rc5 Qa6 19. d5 exd5 20. Rxd5 Rxd5 21. Qxd5 Rd8 22. Qb3 Nxe5 23. Nxe5 Bxe5 24. g3 Bf6 25. h4 Kg7 26. h5 gxh5 27. a3 b6 28. Rd1 Rxd1+ 29.
Qxd1 Qb5 30. Bd4 Kg6 31. Bxf6 Kxf6 32. Qd4+ Qe5 33. Qd8+ Kg6 34. Qd3+ Qf5 35. Qd6+ Kg5 36. Qe7+ Kg4 37. Qe2+ Kg5 38. Qe7+ f6 39. Qxa7 Qb1+ 40. Kg2 Qe4+ 41. Kh2 Qd4 42. Qg7+ Kf5 43. Qxh7+ Ke6 44.
Qg8+ Ke5 45. Qe8+ Kf5 46. Qxh5+ Ke6 47. Qe8+ Kf5 48. Qc8+ Kg5 49. Qc1+ Kg6 50. Qc2+ f5 51. Kg2 Qd5+ 52. f3 Kg5 53. Qe2 Qd4 54. b4 Qc3 55. Qe7+ Kg6 56. Qe6+ Kg7 57. Qxf5 Qxa3 58. Qe5+ Kf7 59. Qd5+ Kg7 60. Qd4+ Kg8 61. Qxb6 Qa2+ 62.
Kh3 Qd5 63. Qg6+ Kf8 64. f4 Qh1+ 65. Kg4 Qd1+ 66. Kg5 Qd2 67. b5 Qe3 68. Qf6+ Kg8 69. Qd8+ Kg7 70. Qc7+ Kg8 71. Kg4 Qe2+ 72. Kf5 Qh5+ 73.
Ke4 Qe2+ 74. Kd5 Qxb5+ 75. Qc5 Qd3+ 76. Ke5 Qxg3 77. Qc8+ Kh7 78. Qf5+ Kh8 79. Qf6+ Kh7 80. Ke6 Qb3+ 81. Ke7 Qb7+ 82. Kd6 Qb6+ 83. Ke5 Qb2+ 84. Kf5 Qc2+ 85. Kg4 Qg2+ 86. Kh5 Qh3+ 87. Qh4 Qf5+ 88. Qg5 Qh3+ 89. Qh4 Qf5+ 90. Qg5 Qh3+ 91. Qh4 1/2-1/2

[Event "Late-Titled-Tuesday-Blitz-November-28-2023"]
[Site "Chess.com"]
[Date "2023.11.28"]
[Round "4"]
[White "Andrei_Skvortsov"]
[Black "Hrant_ChessMood"]
[Result "1/2-1/2"]
[WhiteElo "2756"]
[BlackElo "2939"]
[TimeControl "180+1"]
[EndTime "14:38:59 PST"]
[Termination "Game drawn - insufficient material"]

1. e4 e5 2. d4 exd4 3. Qxd4 Nc6 4. Qd3 Nf6 5. Nc3 Bb4 6. Bd2 O-O 7. O-O-O Re8 8.
Nge2 d6 9. Bg5 h6 10. Bxf6 Qxf6 11. Nd5 Qd8 12. Nxb4 Nxb4 13. Qd2 Nc6 14. Nc3 a6 15. f4 b5 16. Re1 Be6 17. Kb1 b4 18. Nd1 Qf6 19. Rg1 Rab8 20. g4 Qd4 21. Bd3 b3 22.
axb3 Bxb3 23. Qc3 Qxc3 24. Nxc3 Nb4 25. g5 hxg5 26. Rxg5 f6 27. Ra5 Rb6 28. Re3 Bf7 29. Rg3 Reb8 30. b3 c5 31. Kc1 Ra8 32. Be2 Nc6 33.
Ra4 Nd4 34. Bd3 a5 35. Ne2 Nxe2+ 36. Bxe2 Rb4 37. Bd3 Rxa4 38. bxa4 Rb8 39. Bb5 Kf8 40. Re3 Be8 41. Bxe8 Kxe8 42. e5 fxe5 43. fxe5 d5 44. Rc3 c4 45. Rg3 Kf7 46. e6+ Kxe6 47. Rxg7 Rb4 48.
h4 Rxa4 49. Kb2 d4 50. h5 c3+ 51. Kb1 Rb4+ 52. Kc1 Rb5 53. Rg6+ Ke7 54. h6 Rh5 55. Kb1 Rh2 56. Ra6 Kd7 57. h7 Rh1+ 58. Ka2 d3 59.
cxd3 c2 60. h8=Q Rxh8 61. Kb2 Rc8 62. Kc1 Rc5 63. d4 Rd5 64. Rh6 Kc7 65. Rg6 Kb7 66.
Rf6 Rxd4 67. Kxc2 Rb4 68. Kc3 Ka7 69. Rc6 Rb5 70. Re6 Kb7 71. Rd6 Rh5 72. Kb3 Kc7 73. Rg6 Rh4 74. Ka3 Kb7 75. Rf6 Rb4 76. Rg6 Rb6 77.
Rxb6+ Kxb6 78. Ka4 Kc7 79. Ka3 a4 80. Kxa4 1/2-1/2

[Event "Late-Titled-Tuesday-Blitz-November-28-2023"]
[Site "Chess.com"]
[Date "2023.11.28"]
[Round "4"]
[White "reevecanada"]
[Black "Rakitic2010"]
[Result "0-1"]
[WhiteElo "2634"]
[BlackElo "2459"]
[TimeControl "180+1"]
[EndTime "14:39:14 PST"]
[Termination "Rakitic2010 won by checkmate"]

1. Nf3 Nf6 2. g3 g6 3. Bg2 Bg7 4. O-O O-O 5. d4 c5 6. c3 d5 7. Nbd2 Nc6 8. dxc5 e5 9. b4 d4 10. cxd4 e4 11. Ne1 Qxd4 12. Nc2 Qc3 13. Rb1 Rd8 14. Rb3 Qe5 15. Ne3 Be6 16. Bb2 Bxb3 17. Qxb3 Nd4 18. Qc4 Nxe2+ 19. Qxe2 Qxb2 20. Rd1 Qxb4 21. Nb3 a5 22. Rc1 a4 23. Na1 Rac8 24. Rc4 Qb1+ 25. Qf1 Qxa2 26. Nac2 Nd5 27. Bxe4 Nxe3 28. Nxe3 a3 29.
Bxb7 Rc7 30. Be4 Qb3 31. Nd5 Rxd5 32. Bxd5 a2 33. Qe2 a1=Q+ 34. Kg2 Qxc4 35. Qxc4 Qd4 36. Qb3 Qxc5 37. Qb8+ Bf8 38. Qb3 Rd7 39. Bc4 Qc6+ 40. Kg1 Re7 41. Bf1 Qe6 42. Qd3 Bg7 43. Qd8+ Re8 44.
Qd3 Bf6 45. f3 Qe3+ 46. Qxe3 Rxe3 47. Kf2 Bd4 48. Kg2 Re1 49. Bc4 h5 50. Kh3 Kg7 51. g4 hxg4+ 52. fxg4 Re3+ 53. Kh4 Rc3 54. Bd5 Bf2+ 55.
Kg5 Be3+ 56. Kh4 Bf2+ 57. Kg5 Rc5 58. Kf4 Rxd5 59. Kf3 Bg1 60. h4 Rd4 61. Kg3 Bf2+ 62. Kh3 Be1 63. h5 g5 64. Kh2 Rxg4 65. Kh3 Rh4+ 66. Kg2 Rxh5 67. Kf3 Bc3 68. Kg4 Kg6 69. Kg3 f5 70. Kg2 Bh8 71. Kg3 g4 72. Kf4 Kf6 73.
Kg3 Kg5 74. Kg2 Rh7 75. Kf2 f4 76. Kg2 Rg7 77. Kg1 g3 78. Kg2 Kg4 79. Kf1 f3 80. Kg1 f2+ 81. Kg2 Rf7 82. Kf1 Kh3 83. Ke2 f1=Q+ 84.
Ke3 g2 85. Ke4 g1=Q 86. Kd5 Qd4+ 87. Kc6 Qh1+ 88. Kb5 Rf5+ 89. Ka6 Qf1+ 90. Kb7 Be5 91. Ka8 Bh2 92. Kb7 Kg2 93. Ka8 Kh1 94. Kb7 Rf6 95.
Ka8 Kg2 96. Kb7 Qh1 97. Ka8 Qdg1 98. Kb7 Rf7+ 99. Ka8 Kf1# 0-1

[Event "Late-Titled-Tuesday-Blitz-November-28-2023"]
[Site "Chess.com"]
[Date "2023.11.28"]
[Round "4"]
[White "Alimpic"]
[Black "2346PL"]
[Result "1/2-1/2"]
[WhiteElo "2509"]
[BlackElo "2369"]
[TimeControl "180+1"]
[EndTime "14:39:15 PST"]
[Termination "Game drawn by repetition"]

1. d4 f5 2. Nf3 Nf6 3. g3 g6 4.
Bg2 Bg7 5. O-O O-O 6. c4 d6 7.
Nc3 Qe8 8. Re1 Qf7 9. e4 Nxe4 10. Nxe4 fxe4 11. Rxe4 Bf5 12. Ng5 Qf6 13. Re1 h6 14. Nf3 Bg4 15. Re3 Nc6 16. h3 Bxf3 17. Rxf3 Qxd4 18.
Rxf8+ Rxf8 19. Qxd4 Bxd4 20. Be3 Bxe3 21. fxe3 Kg7 22.
a3 Ne5 23. Rc1 b6 24. b4 g5 25.
b5 Nd3 26. Ra1 Nc5 27. a4 e5 28. Bd5 h5 29. Ra3 g4 30. hxg4 hxg4 31. a5 Re8 32.
axb6 axb6 33. Ra7 Re7 34. Kg2 Kf6 35. Ra8 Rg7 36. Rf8+ Ke7 37. Rc8 Kd7 38. Rf8 Nd3 39. Bc6+ Ke7 40. Rc8 Kf6 41. Rf8+ Kg5 42. e4 Ne1+ 43. Kf2 Nf3 44. Rf5+ Kg6 45. Be8+ Kh7 46. Rh5+ Kg8 47. Bc6 Kf8 48. Bd5 Ke7 49. Rh8 Ng5 50. Rc8 Kf6 51. Rf8+ Kg6 52. Kg2 Nf3 53. Be6 Kh7 54.
Bf5+ Kh6 55. Rh8+ Kg5 56. Rf8 Nd4 57. Bc8 Nc2 58. Be6 Ne3+ 59. Kf2 Nc2 60. Bd5 Rh7 61. Kg2 Ne3+ 62. Kf2 Nd1+ 63. Ke2 Rh1 64. Rg8+ Kf6 65.
Rf8+ Ke7 66. Rg8 Nc3+ 67. Kd2 Nxd5 68. cxd5 Rb1 69. Rg7+ Kd8 70. Rg8+ Kd7 71. Rg7+ Kc8 72. Rxg4 Rxb5 73. Rg8+ Kb7 74. g4 Rb2+ 75. Ke3 Rb3+ 76.
Kf2 Rb4 77. Kf3 Rb3+ 78. Kf2 Rb2+ 79. Kf3 Rb3+ 80. Kf2 1/2-1/2

[Event "Late-Titled-Tuesday-Blitz-November-28-2023"]
[Site "Chess.com"]
[Date "2023.11.28"]
[Round "4"]
[White "Redzishchess"]
[Black "Felix-Rose"]
[Result "1-0"]
[WhiteElo "2523"]
[BlackElo "2336"]
[TimeControl "180+1"]
[EndTime "14:39:20 PST"]
[Termination "Redzishchess won by checkmate"]

1. d4 d5 2. c4 e6 3. Nc3 Nf6 4. cxd5 exd5 5. Bg5 c6 6. e3 Be7 7. Bd3 Nbd7 8. Qc2 h6 9. Bh4 Nh5 10. Bxe7 Qxe7 11. Nge2 Nb6 12. O-O O-O 13. Ng3 Nxg3 14. hxg3 Bd7 15. Rad1 Rae8 16. Na4 Nxa4 17. Qxa4 a6 18. Qa5 Qg5 19. Qc7 Bg4 20. Rc1 Re7 21. Qf4 Rfe8 22. Qxg5 hxg5 23. b4 g6 24. a4 Bf5 25.
Bxf5 gxf5 26. Rc5 Re6 27. Rfc1 Rd8 28. b5 axb5 29. axb5 Rdd6 30. Ra1 g4 31. Ra8+ Kg7 32. Rb8 Re7 33. Rc8 cxb5 34. Rxb5 b6 35. Rb8 Ree6 36. Kf1 Kf6 37. Rb7 Kg6 38. Ke2 Kf6 39.
Kd3 Kg6 40. Rb2 Rc6 41. Rd7 Red6 42. Rb7 Kf6 43. Ra2 Rc1 44. Raa7 Rdc6 45. Ra3 Rf1 46. Ke2 Rcc1 47. Rxb6+ Kg7 48. Rb2 Rcd1 49. Rd2 Rxd2+ 50. Kxf1 Kf6 51. Ra1 Ke6 52. Ke1 Rb2 53. Rd1 Ra2 54. Rd2 Ra3 55. Ke2 Ra1 56. Rb2 Rg1 57. Rb6+ Ke7 58.
Rh6 Kd7 59. Rf6 Ke7 60. Rxf5 Rxg2 61. Rxd5 Rh2 62. Rg5 Rh8 63. Rxg4 Ra8 64. Re4+ Kf6 65.
Kf3 Ra2 66. Re5 Kg6 67. Rc5 f6 68. e4 Ra3+ 69. Kf4 Ra2 70. f3 Rd2 71. Rd5 Rd1 72.
Rd6 Kg7 73. Kf5 Rd3 74. f4 Rxg3 75. Rd7+ Kf8 76. Kxf6 Ke8 77. Ra7 Rd3 78. d5 Rd4 79. Ke5 Rd1 80. f5 Re1 81. d6 Kd8 82. f6 Rf1 83.
Ke6 Rd1 84. Ra8# 1-0